 Dungeon Crawl Stone Soup version 0.27-a0-836-gfc908b8576 (webtiles) character file.

Game seed: 14014565823339987961

17701 mdonais the Fighter (level 12, 0/136 HPs)
             Began as a Djinni Wanderer on Mar 31, 2021.
             Was an Elder of Makhleb.
             Slain by a minotaur
             ... wielding a +2 broad axe of venom
              (28 damage)
             ... in a Gauntlet on Apr 1, 2021.
             The game lasted 01:37:11 (17798 turns).

mdonais the Fighter (Djinni Wanderer)              Turns: 17798, Time: 01:37:12

Health: 0/136      AC: 16    Str: 12 (14) XL:     12   Next: 50%
Gold:   625        EV: 18    Int: 13 (16) God:    Makhleb [****..] SH:  0 Dex: 15 (17)

rFire    + + +     SeeInvis +   V - +4 scimitar
rCold    x . .     Faith    +   (no shield)
rNeg     . . .     Spirit   .   O - +4 ring mail {rF+}
rPois    ∞         Reflect  .   r - +2 helmet
rElec    .         Harm     .   w - scarf {+Inv}
rCorr    .         Rampage  .   j - +2 pair of gloves
Will     +....     NoTele   +   (boots unavailable)
Stlth    ..........             m - amulet of faith
HPRegen  0.32/turn              a - +4 ring of evasion
MPRegen  0.00/turn              z - +6 ring of strength

@: brilliant, berserking (expiring), flying, very quick
A: fire resistance 2, cold vulnerability 1, float, innate caster, hp casting,
extra vitality 1, see invisible, dopey 1, wild magic 1
a: Renounce Religion, Evoke Invisibility, Minor Destruction, Lesser Servant of
Makhleb, Major Destruction


You were in a Gauntlet.
You worshipped Makhleb.
Makhleb was greatly pleased with you.
You visited 3 branches of the dungeon, and saw 14 of its levels.
You also visited: Sewer and Gauntlet.

You collected 649 gold pieces.
You spent 24 gold pieces at shops.

Inventory:

Hand Weapons
 e - a +2 vorpal hand crossbow
   (You found it in a Gauntlet)
 n - a +1 scimitar of flaming
   (You took it off Erica on level 1 of the Lair of Beasts)
 K - the +3 quick blade of Dishonour {antimagic, Str+2 Dex+5}
   (You found it on level 4 of the Dungeon)

   It reduces the magical energy of the wielder, and disrupts the spells and
   magical abilities of those hit.
   Natural abilities and divine invocations are not affected.
   It affects your strength (+2).
   It affects your dexterity (+5).
 V - a +4 scimitar (weapon)
   (You took it off a wight on level 9 of the Dungeon)
Missiles
 t - 4 boomerangs
 u - 2 silver boomerangs (quivered)
 v - 33 poisoned darts
 F - 2 curare-tipped darts
Armour
 b - the +2 hat "Cunedool" {rF+}
   (You found it in a Gauntlet)

   It protects you from fire.
 d - +0 acid dragon scales
   (You found it in a Gauntlet)
 j - a +2 pair of gloves (worn)
   (You found it on level 1 of the Dungeon)
 r - a +2 helmet (worn)
   (You found it on level 3 of the Dungeon)
 w - a scarf of invisibility (worn)
   (You found it on level 3 of the Dungeon)
 x - the +3 leather armour of Conscience {Rampage rF+ Int+2}
   (You found it on level 4 of the Dungeon)

   It affects your intelligence (+2).
   It protects you from fire.
   It bestows one free step when moving towards enemies.
 O - a +4 ring mail of fire resistance (worn)
   (You took it off a goblin on level 4 of the Dungeon)
 W - a +1 scale mail of willpower
   (You took it off an orc on level 9 of the Dungeon)
Jewellery
 a - a +4 ring of evasion (left hand)
   (You took it off a goblin on level 1 of the Dungeon)
 c - a +6 ring of intelligence
   (You found it on level 3 of the Dungeon)
 g - a ring of resist corrosion
   (You found it on level 3 of the Dungeon)
 m - an amulet of faith (around neck)
   (You found it on level 2 of the Dungeon)
 z - a +6 ring of strength (right hand)
   (You found it on level 5 of the Dungeon)
Wands
 A - a wand of acid (6)
   (You found it on level 7 of the Dungeon)
 D - a wand of digging (8)
   (You found it on level 3 of the Dungeon)
 G - a wand of polymorph (16)
   (You took it off Ijyb on level 4 of the Dungeon)
 I - a wand of iceblast (7)
   (You found it on level 1 of the Lair of Beasts)
 P - a wand of paralysis (9)
   (You found it on level 10 of the Dungeon)
 U - a wand of charming (5)
   (You found it on level 8 of the Dungeon)
Scrolls
 f - 2 scrolls of enchant weapon
 i - 2 scrolls of enchant armour
 q - 2 scrolls of fear
 s - a scroll of immolation
 B - a scroll of blinking
 H - 2 scrolls of fog
 M - 3 scrolls of magic mapping
 S - a scroll of vulnerability
 T - 11 scrolls of teleportation
Potions
 k - 4 potions of heal wounds
 l - a potion of brilliance
 o - a potion of haste
 p - 3 potions of mutation
 E - 2 potions of lignification
 J - a potion of cancellation
 N - a potion of attraction
 Q - 3 potions of curing


   Skills:
 + Level 10.2 Fighting
 - Level 2.0(4.4) Short Blades
 + Level 6.2(6.4) Long Blades
 - Level 2.4 Axes
 - Level 1.0 Throwing
 + Level 5.5 Armour
 + Level 8.4 Dodging
 + Level 9.6 Spellcasting
 - Level 7.0 Evocations


You had 14 spell levels left.
You knew the following spells:

 Your Spells              Type           Power      Damage    Failure   Level
a - Foxfire               Conj/Fire      100%       2x1d9     1%          1
b - Conjure Flame         Conj/Fire      57%        6-21      2%          3
c - Animate Skeleton      Necr           100%       N/A       1%          1
d - Passwall              Tmut/Erth      47%        N/A       1%          2
e - Blink                 Tloc           N/A        N/A       1%          2
f - Ignite Poison         Fire/Tmut/Pois 57%        N/A       2%          3
g - Hailstorm             Conj/Ice       57%        3d12      7%          4
Your spell library was empty.

Dungeon Overview and Level Annotations

Branches:
Dungeon (11/15)            Temple (1/1) D:5            Lair (2/6) D:10
  Snake (0/4) Lair:2          Orc (0/2) D:11          Sewer (visited)
Gauntlet (1/1)
  Swamp: Lair:2-4    Shoals: Lair:2-4

Altars:
Ashenzari
Cheibriados
Dithmenos
Elyvilon
Fedhas
Gozag
Hepliaklqana
Kikubaaqudgha
Makhleb
Nemelex Xobeh
Okawaru
Qazlal
Ru
Sif Muna
Trog
Uskayaw
Vehumet
Wu Jian
Xom
Yredelemnul
Zin
The Shining One

Shops:
D:10 ?

Portals:
Abyss: D:3

Annotations:
Gauntlet 6 transporters


Innate Abilities, Weirdness & Mutations

You are immune to poison.
Your flesh is very heat resistant. (rF++)
You are vulnerable to cold. (rC-)
You float through the air rather than walking.
You learn spells naturally, not from books.
Your magical power is your life essence.
You have superior vitality. (+4 HP)
You have supernaturally acute eyesight. (SInv)
You are dopey. (Int -2)
Your spells are a little harder to cast, but a little more powerful.


Message History

The small abomination barely misses you.
You riposte.
You closely miss the small abomination.
The small abomination is moderately damaged.
You slash the small abomination!
The small abomination is severely damaged.
The small abomination hits you but does no damage.
Press: ? - help, v - describe, . - travel
Here: a large abomination The floor.
You enter the transporter and appear at another place.
The death yak bellows!
The small abomination hits you but does no damage.
You hit the small abomination but do no damage.
The small abomination is severely damaged.
The small abomination completely misses you.
The small abomination hits you but does no damage.
You slash the small abomination!
You destroy the small abomination!
Makhleb accepts your kill.
No reachable target in view!
The death yak bellows!
The death yak bellows!
The raiju stops to sniff the ground.
The shadow imp shouts!
The reaper shouts, "Die, mdonais!"
The shadow imp spits at you.
The shadow imp shouts, "Slither away, thou lumpish earth-vexing bladder!"
There is a transporter here.
Press: ? - help, v - describe, . - travel
Here: a reaper, wielding a +1 scythe of venom (fire blocked by a translucent stone wall)
The floor.
You enter the transporter and appear at another place.
The reaper shouts, "Die, mdonais!"
You see here the +2 hat "Cunedool" {rF+}.
b - the +2 hat "Cunedool" {rF+} The shadow imp summons a swarm of flies.
The reaper hits you from afar with a +1 scythe of venom!!
You take 31 damage, and have 60/91 hp.
MASSIVE DAMAGE!!
The shadow imp completely misses you.
Something hits the withered plant!!
The withered plant begins to crumble.
There is a transporter here.
You enter the transporter and appear at another place.
The shadow imp gestures at you. You resist with significant effort.
You closely miss the shadow imp. The shadow imp barely misses you.
You slash the shadow imp!
You kill the shadow imp!
Makhleb accepts your kill.
You feel better.
You regained 3 hp, and now have 64/91 hp.
No reachable target in view!
Okay, then.
You start resting.
HP restored.
Health restored: 91
Okay, then.
It was a potion of mutation.
You feel extremely strange.
Your vision sharpens.
You feel stupid.
You feel less in control of your magic.
It was a potion of lignification.
You turn into a tree.
Your scarf of invisibility melds into your body.
Your +2 helmet melds into your body.
Your +2 pair of gloves melds into your body.
Your +4 ring mail of fire resistance melds into your body.
You feel less resistant to fire.
Your roots penetrate the ground.
You now have 136/136 hp.
You start waiting.
Your transformation is almost over.
You start waiting.
You feel less wooden.
Your scarf of invisibility unmelds from your body.
Your +2 helmet unmelds from your body.
Your +2 pair of gloves unmelds from your body.
Your +4 ring mail of fire resistance unmelds from your body.
You become transparent for a moment.
You feel resistant to fire.
You now have 91/91 hp.
It was a potion of cancellation.
You feel magically purged.
It was a potion of brilliance.
You feel clever all of a sudden.
You reach down and open the door.
A minotaur comes into view. It is wielding a +2 broad axe of venom.
The minotaur bellows!
Found a condenser vane and a lightning rod (4/4).
Press: ? - help, v - describe, . - travel
Here: a minotaur, wielding a +2 broad axe of venom, wearing +1 pearl dragon scales and quivering javelins The floor.
Unknown command.
Unknown command.
Okay, then.
Casting: Foxfire (safe; 1% risk of failure)
Confirm with . or Enter, or press ? or * to list all spells.
Casting: Hailstorm (dangerous; 7% risk of failure)
Press: ? - help, Dir - look around, f - activate You feel a surge of power!
A cannonade of hail descends around you!
The hail pelts the minotaur.
The minotaur is lightly wounded.
You take 2 damage, and have 89/91 hp.
A red film seems to cover your vision as you go berserk!
You feel yourself moving faster!
You feel mighty!
The minotaur hits you with a +2 broad axe of venom!
The minotaur gores you but does no damage.
You now have 117/136 hp.
You hit the minotaur but do no damage.
The minotaur is lightly wounded.
You barely miss the minotaur.
The minotaur furiously retaliates!
The minotaur headbutts you.
The minotaur is lightly wounded.
The minotaur hits you but does no damage.
The minotaur gores you but does no damage.
You take 2 damage, and have 115/136 hp.
You barely miss the minotaur.
The minotaur furiously retaliates!
The minotaur headbutts you, but does no damage.
The minotaur is lightly wounded.
The minotaur barely misses you.
You riposte.
You closely miss the minotaur.
The minotaur is lightly wounded.
The minotaur completely misses you.
You hit the minotaur.
The minotaur is lightly wounded.
The minotaur closely misses you. The minotaur gores you!
You take 7 damage, and have 109/136 hp.
You hit the minotaur but do no damage.
The minotaur is lightly wounded.
You slash the minotaur!
The minotaur is moderately wounded.
The minotaur misses you.
You riposte.
You hit the minotaur.
The minotaur is moderately wounded.
The minotaur gores you but does no damage.
You hit the minotaur.
The minotaur is moderately wounded.
The minotaur hits you with a +2 broad axe of venom!!
The minotaur gores you.
You take 24 damage, and have 85/136 hp.
You slice the minotaur!!
The minotaur is heavily wounded.
The minotaur hits you but does no damage.
The minotaur gores you!
You take 13 damage, and have 72/136 hp.
You slash the minotaur!
The minotaur is severely wounded.
You hit the minotaur but do no damage.
The minotaur is severely wounded.
The minotaur hits you with a +2 broad axe of venom!!
The minotaur misses you.
You take 29 damage, and have 43/136 hp.
MASSIVE DAMAGE!!
You closely miss the minotaur.
The minotaur furiously retaliates!
The minotaur headbutts you!
* * * LOW HITPOINT WARNING * * *
The minotaur is severely wounded.
The minotaur hits you with a +2 broad axe of venom!!
You die...

#}. #8. #}. #### #8. #.8###
#.. #....# #8. #..#.#
.#..##H##..#.#
.......@.....#
.#.##.#.##.#.# # ..
#....#.# .#.#######.#.###
...............#
.8.8.©.©.8.8.8.#
...............# ##
################## ##
##≈###≈###.......###≈###≈##


You could see a minotaur.

Vanquished Creatures
  A hydra (D:10)
  Erica (Lair:1)
  2 two-headed ogres
  A deep elf pyromancer (D:9)
  A manticore (D:11)
  An oklob plant (Gauntlet)
  A toenail golem (D:3)
  A centaur zombie (D:11)
  A gargoyle (D:10)
  7 cane toads
  A komodo dragon (D:10)
  A troll (D:7)
  A polar bear (Lair:1)
  A vampire (D:9)
  Sigmund (D:2)
  23 yaks
  3 small abominations
  The ghost of Zeld the Conjurer, an amateur HuCj (D:3)
  Menkaure (D:6)
  5 vampire mosquitoes
  2 acid dragons (Gauntlet)
  7 water moccasins
  2 ice beasts
  2 orc warriors
  Purgy (Sewer)
  A hornet zombie (D:6)
  2 ogres
  7 wolves
  4 centaurs
  A phantom (D:4)
  2 kobold brigands
  5 bullfrogs
  A water moccasin zombie (D:6)
  2 scorpions
  A wyvern skeleton (D:7)
  10 killer bees
  5 wights (D:9)
  5 electric eels (D:10)
  A howler monkey (D:10)
  2 bullfrog zombies (D:5)
  2 hounds
  3 jellies
  A bullfrog skeleton (D:5)
  An orc priest (D:6)
  Ijyb (D:4)
  Terence (D:1)
  2 iguanas (D:4)
  6 orc wizards
  A killer bee zombie (D:6)
  Robin (D:4)
  A howler monkey skeleton (D:6)
  4 gnolls
  8 adders
  3 shadow imps
  2 white imps
  2 ufetubi
  4 dart slugs
  18 orcs
  3 endoplasms
  10 giant cockroaches
  17 goblins
  13 hobgoblins
  3 jackals (D:3)
  2 quokkas
  7 ball pythons
  9 bats
  4 frilled lizards
  14 kobolds
  9 rats
270 creatures vanquished.

Vanquished Creatures (collateral kills)
  7 yaks (Lair:2)
  A bullfrog (Lair:2)
  15 foxfires
23 creatures vanquished.

Vanquished Creatures (others)
  1218 foxfires
  A fungus (Lair:1)
  28 plants
  3 withered plants (Gauntlet)
1250 creatures vanquished.

Grand Total: 1543 creatures vanquished

Notes
Turn   | Place    | Note
-------+----------+-------------------------------------------
     0 | D:1      | mdonais the Djinni Wanderer began the quest for the Orb.
     0 | D:1      | Reached XP level 1. HP: 18/18 MP: 0/0
   158 | D:1      | Reached XP level 2. HP: 21/23 MP: 0/0
   531 | D:1      | Reached XP level 3. HP: 25/28 MP: 0/0
   531 | D:1      | Learned a level 1 spell: Animate Skeleton
   719 | D:2      | Noticed Sigmund
   726 | D:2      | Noticed Terence
   937 | D:1      | Reached XP level 4. HP: 19/33 MP: 0/0
  2492 | D:3      | Reached XP level 5. HP: 37/38 MP: 0/0
  2492 | D:3      | Learned a level 2 spell: Passwall
  2509 | D:3      | Found a sacrificial altar of Ru.
  2553 | D:3      | Found a transporter.
  2578 | D:3      | Reached skill level 5 in Spellcasting
  2656 | D:3      | Noticed a small abomination
  2679 | D:3      | Found a transporter.
  2684 | D:3      | Noticed a small abomination
  2685 | D:3      | Noticed a toenail golem
  2707 | D:3      | Found a one-way gate to the infinite horrors of the Abyss.
  2707 | D:3      | Noticed Zeld's ghost (amateur HuCj)
  3152 | D:4      | Noticed Robin
  3169 | D:4      | Noticed an ogre
  3267 | D:4      | Noticed Ijyb
  3309 | D:4      | Killed Robin
  3487 | D:4      | Found a large runed translucent door.
  3487 | D:4      | Found a large runed translucent door.
  3487 | D:4      | Noticed a kobold brigand
  3487 | D:4      | Noticed a yak
  3489 | D:4      | Identified the +3 leather armour of Conscience {Rampage rF+
                  | Int+2}
  3520 | D:4      | Found a large runed translucent door.
  3520 | D:4      | Found a large runed translucent door.
  3583 | D:4      | Reached XP level 6. HP: 18/43 MP: 0/0
  4088 | D:4      | Reached skill level 3 in Fighting
  4390 | D:4      | Reached XP level 7. HP: 47/50 MP: 0/0
  4390 | D:4      | Learned a level 2 spell: Blink
  4401 | D:4      | Killed Ijyb
  4652 | D:4      | Identified the +5 executioner's axe of Imbalance {flame,
                  | rElec}
  4700 | D:5      | Entered Level 5 of the Dungeon
  4767 | D:5      | Found a staircase to the Ecumenical Temple.
  4776 | Temple   | Entered the Ecumenical Temple
  4813 | Temple   | Became a worshipper of Makhleb the Destroyer
  4865 | D:5      | Found a glowing drain.
  4878 | Sewer    | Entered a sewer
  4926 | Sewer    | Noticed Purgy
  4945 | Sewer    | Killed Purgy
  5077 | D:5      | Reached skill level 4 in Fighting
  5253 | D:5      | Reached skill level 1 in Dodging
  5253 | D:5      | Reached XP level 8. HP: 54/58 MP: 0/0
  5384 | D:5      | Found a broken altar of Ashenzari.
  5388 | D:5      | Saw a vision of the Shoals and the Snake Pit.
  5388 | D:5      | Noticed a merfolk siren
  5388 | D:5      | Noticed a merfolk siren
  5388 | D:5      | Noticed a wind drake
  5388 | D:5      | Noticed a wind drake
  5388 | D:5      | Noticed a wind drake
  5388 | D:5      | Noticed a naga sharpshooter
  5388 | D:5      | Noticed a shock serpent
  5388 | D:5      | Noticed a naga warrior
  5388 | D:5      | Noticed a naga mage
  5388 | D:5      | Noticed a shock serpent
  5388 | D:5      | Noticed a guardian serpent
  5389 | D:5      | Noticed a naga mage
  5792 | D:6      | Upgraded the game from 0.27-a0-828-g8289197e94 to
                  | 0.27-a0-836-gfc908b8576
  5884 | D:6      | Reached skill level 1 in Armour
  5885 | D:6      | Reached * piety under Makhleb
  6085 | D:6      | Noticed Menkaure
  6091 | D:6      | Killed Menkaure
  6092 | D:6      | Reached skill level 5 in Fighting
  6824 | D:6      | Reached skill level 6 in Fighting
  7259 | D:7      | Reached XP level 9. HP: 66/66 MP: 0/0
  7259 | D:7      | Learned a level 3 spell: Conjure Flame
  7388 | D:7      | Found a glowing silver altar of Zin.
  7451 | D:7      | You are sucked into a shaft and drop 2 floors!
  7480 | D:8      | Noticed a two-headed ogre
  7491 | D:8      | Killed a two-headed ogre
  7492 | D:8      | Reached skill level 7 in Fighting
  7492 | D:8      | Reached skill level 5 in Dodging
  7571 | D:8      | Noticed a troll
  7574 | D:8      | Reached ** piety under Makhleb
  7895 | D:7      | Killed a troll
  7896 | D:7      | Reached skill level 5 in Evocations
  8500 | D:8      | Reached skill level 1 in Short Blades
  8904 | D:8      | Reached XP level 10. HP: 28/67 MP: 0/0
  9591 | D:9      | Reached skill level 8 in Fighting
 10163 | D:10     | Entered Level 10 of the Dungeon
 10653 | D:10     | Noticed a two-headed ogre
 10681 | D:10     | Killed a two-headed ogre
 10682 | D:10     | Reached skill level 5 in Armour
 10682 | D:10     | Reached XP level 11. HP: 45/82 MP: 0/0
 10682 | D:10     | Learned a level 4 spell: Hailstorm
 10733 | D:10     | Reached *** piety under Makhleb
 11015 | D:10     | Noticed a deep elf pyromancer
 11111 | D:9      | Killed a deep elf pyromancer
 11410 | D:10     | Found a staircase to the Lair.
 11420 | D:10     | Found Qarho's Magic Scroll Boutique.
 11612 | D:10     | Bought a scroll of identify for 24 gold pieces
 11762 | Lair:1   | Entered Level 1 of the Lair of Beasts
 11763 | Lair:1   | Noticed a four-headed hydra
 11867 | D:10     | Killed a four-headed hydra
 11868 | D:10     | Reached skill level 9 in Fighting
 12781 | D:11     | Noticed a manticore
 12808 | D:11     | Killed a manticore
 12942 | D:11     | Found a staircase to the Orcish Mines.
 13448 | Lair:1   | Noticed Erica
 13478 | Lair:1   | Killed Erica
 13888 | D:4      | Identified the +3 quick blade of Dishonour {antimagic,
                  | Str+2 Dex+5}
 14041 | D:2      | Killed Sigmund
 14222 | D:1      | Killed Terence
 14534 | D:3      | Reached XP level 12. HP: 54/91 MP: 0/0
 14645 | D:3      | Killed Zeld's ghost
 15937 | Lair:1   | Reached skill level 5 in Long Blades
 16009 | Lair:1   | Reached **** piety under Makhleb
 16018 | Lair:1   | Reached skill level 10 in Fighting
 16480 | Lair:1   | Identified the +1 pair of gloves "Wenumpusm" {Rampage}
 17010 | Lair:2   | Found a shadowy altar of Dithmenos.
 17017 | Lair:2   | Found a gate leading to a gauntlet.
 17077 | Gauntlet | Entered a Gauntlet
 17077 | Gauntlet | Found a transporter.
 17077 | Gauntlet | Found a transporter.
 17088 | Gauntlet | Found a transporter.
 17092 | Gauntlet | Found a transporter.
 17105 | Gauntlet | Found a transporter.
 17106 | Gauntlet | Found a transporter.
 17110 | Gauntlet | Noticed a reaper
 17118 | Gauntlet | Found a transporter.
 17131 | Gauntlet | Noticed a death yak
 17132 | Gauntlet | Noticed a death yak
 17133 | Gauntlet | Noticed a death yak
 17133 | Gauntlet | Noticed a death yak
 17134 | Gauntlet | Found a transporter.
 17148 | Gauntlet | Found a transporter.
 17152 | Gauntlet | Found a transporter.
 17162 | Gauntlet | Found a transporter.
 17166 | Gauntlet | Found a transporter.
 17167 | Gauntlet | Found a runed translucent door.
 17635 | Gauntlet | Identified the +2 hat "Cunedool" {rF+}
 17757 | Gauntlet | Gained mutation: You have supernaturally acute eyesight.
                  | (SInv) [potion of mutation]
 17757 | Gauntlet | Gained mutation: You are dopey. (Int -2) [potion of
                  | mutation]
 17757 | Gauntlet | Gained mutation: Your spells are a little harder to cast,
                  | but a little more powerful. [potion of mutation]
 17785 | Gauntlet | Identified the +9 arbalest "Qohywuo" {elec, rF+++ rC-
                  | Dex+8}
 17785 | Gauntlet | Noticed a minotaur
 17798 | Gauntlet | Slain by a minotaur

Illustrated notes

Levels and vault maps discovered:
D:1:      tarquinn_simple_flora_water_e, layout_rooms
D:2:      layout_loops_ring, uniq_terence, uniq_sigmund
D:3:      layout_loops_ring, nicolae_ru_great_annihilating_truth,
          gammafunk_ghost_abyssal_escape
D:4:      layout_loops_cross, minmay_hollow_rounded_squares, uniq_ijyb,
          uniq_robin
D:5:      layout_basic, temple_pool_b, cheibrodos_sewer_entry_drain,
          grunt_ashenzari_visionary [grunt_ashenzari_visionary_shoals,
          grunt_ashenzari_visionary_snake]
D:6:      layout_basic, due_unseen_surprise, uniq_menkaure
D:7:      layout_cave_pools, basic_altar, kennysheep_generic_room_3
D:8:      layout_loops_corners
D:9:      layout_rooms
D:10:     layout_small_grid, lair_entry_dummy, serial_shops, shop, serial_bayou,
          serial_bayou_pond_d, serial_bayou_shore_a, serial_bayou_pond_e,
          serial_bayou_lagoon_a, serial_bayou_lake_a
D:11:     minmay_the_grid_triangle_9x9_recursive_2_mashed
          [minmay_the_grid_triangle_9x9_prize_insulated,
          minmay_the_grid_triangle_9x9_warning,
          minmay_the_grid_triangle_9x9_alien,
          minmay_the_grid_triangle_9x9_negative_grid], layout_irregular_city,
          orc_0_dummy, serial_column_ruins, column_ruins_grid_2,
          column_ruins_grid_1, column_ruins_open_tiny, column_ruins_open_small,
          column_ruins_grid_2, column_ruins_grid_1, tso_altar
Temple:   kilobyte_greek_temple
Lair:1:   layout_small_grid, uniq_erica
Lair:2:   layout_hall_layers, guppyfry_snake_entry_island,
          gauntlet_entry_generic, basic_altar, nicolae_lair_grove_arrangements,
          beast_lair_carwin_5, grunt_megastairs_3
Gauntlet: minmay_gauntlet_77_indecision [minmay_gauntlet_arena_77_mirror,
          minmay_gauntlet_arena_77_path,
          minmay_gauntlet_arena_77_chump_sandwich,
          minmay_gauntlet_arena_77_radiant_squares,
          minmay_gauntlet_arena_77_museum, minmay_gauntlet_arena_77_p_blocks,
          nicolae_gauntlet_exit_dead_adventurers]

Skill      XL: |  1  2  3  4  5  6  7  8  9 10 11 12 |
---------------+-------------------------------------+-----
Spellcasting   | 3 4 5 6 7 8 9 |  9.6
Evocations     | 3 4 5 7 |  7.0
Fighting       | 3 4 6 7 8 9 10 | 10.2
Dodging        | 1 4 5 6 8 |  8.4
Armour         | 3 5 |  5.5
Short Blades   | 1 2 |  2.0
Long Blades    | 3 6 |  6.2
Axes           | |  2.4
Throwing       | |  1.0

Action                   |  1- 3 |  4- 6 |  7- 9 | 10-12 || total
-------------------------+-------+-------+-------+-------++-------
Melee: Hand axe          |     2 |    60 |     5 |       ||    67
       Dagger            |       |       |    58 |       ||    58
       Unarmed           |       |       |     3 |       ||     3
       Short sword       |       |       |     3 |   132 ||   135
       Scimitar          |       |       |       |   114 ||   114
Throw: Dart              |       |     5 |     4 |    19 ||    28
       Boomerang         |       |       |       |    38 ||    38
 Cast: Foxfire           |    42 |   122 |   214 |   402 ||   780
       Conjure Flame     |       |       |     4 |    62 ||    66
       Blink             |       |       |     4 |    32 ||    36
       Hailstorm         |       |       |       |     1 ||     1
 Abil: Evoke Invisibilit |       |       |     2 |       ||     2
  Use: Scroll            |       |     1 |     9 |     9 ||    19
       Potion            |       |       |     1 |     8 ||     9
 Stab: Sleeping          |       |     1 |       |       ||     1
       Invisible         |       |       |     2 |       ||     2
Armor: Robe              |     6 |    18 |       |       ||    24
       Leather armour    |       |    16 |     4 |       ||    20
       Ring mail         |       |       |    38 |   160 ||   198
Dodge: Dodged            |    40 |    75 |   108 |   376 ||   599
       Rpst.: Scimitar   |       |       |       |    32 ||    32

Table legend: (Time is in decaauts)
 A = Elapsed time spent in this place.
 B = Non-inter-level travel time spent in this place.
 C = Inter-level travel time spent in this place.
 D = Time resting spent in this place.
 E = Time spent auto-exploring this place.
 F = Levels seen in this place.
 G = Mean time per level.
                   A        B        C        D        E       F      G
               +--------+--------+--------+--------+--------+-----+--------+
         Total |  17843 |  16473 |   1370 |   4800 |   6558 |  16 | 1115.2 |
       Dungeon |  15093 |  13846 |   1247 |   4082 |   5615 |  11 | 1372.1 |
        Temple |     74 |     50 |     24 |      0 |      0 |   1 |   74.0 |
          Lair |   1780 |   1681 |     99 |    351 |    909 |   2 |  890.0 |
         Sewer |    177 |    177 |      0 |     24 |     23 |   1 |  177.0 |
      Gauntlet |    717 |    717 |      0 |    343 |     11 |   1 |  717.0 |
               +--------+--------+--------+--------+--------+-----+--------+

Top non-repeatable levels by time:
     D:4: 2530 daAuts
    D:10: 2442 daAuts
     D:1: 2006 daAuts
  Lair:1: 1702 daAuts
     D:9: 1406 daAuts
     D:6: 1324 daAuts
     D:3: 1184 daAuts
     D:8: 1157 daAuts
     D:7: 1049 daAuts
     D:2: 866 daAuts
     D:5: 851 daAuts
Gauntlet: 717 daAuts
    D:11: 275 daAuts
   Sewer: 177 daAuts
  Lair:2: 77 daAuts
